 Dungeon Crawl Stone Soup version 0.23.2-40-g277498a001 (webtiles) character file.

Game seed: 3858343672923637464

2062 Ferrot the Digger (level 9, -9/66 HPs)
             Began as a Human Wanderer on Sept 3, 2019.
             Was an Initiate of Vehumet.
             Mangled by Harold
             ... wielding a cursed -3 glaive
              (20 damage)
             ... on level 7 of the Dungeon.
             The game lasted 01:16:08 (7116 turns).

Ferrot the Digger (Human Wanderer)                  Turns: 7116, Time: 01:16:09

Health: -9/66      AC:  6    Str: 23    XL:     9   Next: 50%
Magic:  7/15       EV: 15    Int: 17    God:    Vehumet [......]
Gold:   337        SH:  0    Dex: 15    Spells: 1/16 levels left

rFire    . . .     SeeInvis .   s - +4 short sword (freeze)
rCold    . . .     Gourm    .   (no shield)
rNeg     + . .     Faith    .   e - +0 leather armour
rPois    .         Spirit   .   (helmet restricted)
rElec    .         Reflect  .   d - +0 cloak
rCorr    +         Harm     .   p - +1 pair of gloves
MR       .....                  (no boots)
Stlth    ++........             (no amulet)
HPRegen  0.21/turn              c - +5 ring of strength
MPRegen  0.14/turn              r - ring of Pride {rCorr rN+ Str+4 Slay+2}

@: mighty, marked
A: antennae 1, repulsion field 1
a: Renounce Religion


You were on level 7 of the Dungeon.
You worshipped Vehumet.
Vehumet was noncommittal.
You were not hungry.

You visited 2 branches of the dungeon, and saw 8 of its levels.

You collected 337 gold pieces.

Inventory:

Hand Weapons
 s - a +4 short sword of freezing (weapon)
Missiles
 n - 52 stones (quivered)
Armour
 d - a +0 cloak (worn)
 e - a +0 leather armour (worn)
 p - a +1 pair of gloves (worn)
Jewellery
 c - a +5 ring of strength (left hand)
 l - an uncursed ring of ice
 r - the ring of Pride (right hand) {rCorr rN+ Str+4 Slay+2}
   (You found it on level 6 of the Dungeon)

   [ring of resist corrosion]

   It affects your strength (+4).
   It affects your accuracy and damage with ranged weapons and melee attacks
   (+2).
   It protects you from negative energy.
Wands
 q - a wand of scattershot (7)
Scrolls
 b - 2 scrolls of remove curse
 g - a scroll of fog
 i - a scroll of amnesia
Potions
 h - 2 potions of flight
 j - a potion of mutation
Comestibles
 f - 9 rations
 k - a chunk of flesh


   Skills:
 + Level 4.6 Fighting
 * Level 4.0(4.2) Short Blades
   Level 1.8(3.1) Long Blades
 - Level 1.0 Throwing
 + Level 2.6 Armour
 + Level 2.6 Dodging
 + Level 3.1 Stealth
 + Level 4.4 Spellcasting
 + Level 1.8 Conjurations
   Level 1.0 Hexes
 * Level 7.3 Earth Magic
 + Level 0.1 Evocations


You had one spell level left.
You knew the following spells:

 Your Spells              Type           Power        Failure   Level  Hunger
a - Sandblast             Erth           ####..       1%          1    None
b - Passwall              Tmut/Erth      ###.....     6%          2    ##.....
c - Stone Arrow           Conj/Erth      ###...       8%          3    ###....
d - Petrify               Tmut/Erth      ###.....     36%         4    ####...
e - Lee's Rapid Deconstr  Erth           ####......   24%         5    ######.

Your spell library contained the following spells:

 Spells                   Type           Power        Failure   Level  Hunger


Dungeon Overview and Level Annotations

Branches:
Dungeon (7/15)             Temple (1/1) D:7

Altars:
Ashenzari
Cheibriados
Fedhas
Gozag
Kikubaaqudgha
Makhleb
Qazlal
Trog
Uskayaw
Vehumet
The Shining One

Shops:
D:4 :%:

Annotations:
D:7 Harold


Innate Abilities, Weirdness & Mutations

You have a pair of small antennae on your head.
You are surrounded by a mild repulsion field. (EV +2)


Message History

Harold says, "This is so exciting!
What a great way to end my career!"
Harold points at you and mumbles some strange words.
The harpoon shot hits you!
You are yanked forward by the harpoon shot.
Harold points at you and mumbles some strange words.
A sentinel's mark forms upon you.
You see here 2 arrows.
Your magical contamination has completely faded away.
Harold gestures at you while chanting. The harpoon shot hits you.
You are yanked forward by the harpoon shot.
Harold hits you from afar with a cursed -3 glaive!!
* * * LOW HITPOINT WARNING * * *
As you read the scroll labeled TAOSIA LASUPS, it crumbles to dust.
It is a scroll of brand weapon.
Your +4 short sword is covered with a thin layer of ice!
s - a +4 short sword of freezing (weapon)
A jackal comes into view.
Harold hits you from afar with a cursed -3 glaive!!
You die...

..#...#######...#.....#÷..#..####
..#...## #..h#..[..#...#...#
#.#.#..## #..(#..⌠).#...#...#
.###....# #...#.....#)..#...#
..#...#..## #.(.#.....#...#...#
.....#....###..(#.....#...#...#
#.>.#####..##..@##...##...#...##
.....#....###....#...#....#....##
..#...#.....##..@#...#...##>....#
.###....###..#......##...#....#..
# #.#..## #.##......#....#.)..#..
#...## #.##⌠..####....######..
#..######.######.......# #..
...##......#.#........[## ###
..........##.#.........#
.........#...##.......##
###......#..#.......#


You could see Harold and a jackal.

Vanquished Creatures
  Prince Ribbit (D:6)
  A water moccasin (D:6)
  2 sky beasts
  A black bear (D:6)
  An orc warrior (D:5)
  An ice beast (D:5)
  An ogre (D:7)
  A centaur (D:7)
  2 bullfrogs
  A scorpion (D:4)
  2 quasits (D:6)
  A bullfrog zombie (D:6)
  A jelly (D:7)
  2 hounds
  5 orc priests
  3 orc wizards
  A bullfrog skeleton (D:6)
  5 iguanas
  Ijyb (D:3)
  Terence (D:3)
  5 worker ants
  4 gnolls
  4 adders
  An ooze (D:3)
  An adder skeleton (D:6)
  4 worms
  2 dart slugs
  3 leopard geckos
  24 orcs
  A ball python (D:1)
  5 bats
  4 giant cockroaches
  9 goblins
  6 hobgoblins
  10 jackals
  3 quokkas
  6 frilled lizards
  8 kobolds
  A quokka skeleton (D:6)
  10 rats
145 creatures vanquished.

Notes
Turn   | Place    | Note
-------+----------+-------------------------------------------
     0 | D:1      | Ferrot the Human Wanderer began the quest for the Orb.
     0 | D:1      | Ferrot set off with the following items: a +0 short sword,
                  | a +0 falchion, a +0 robe, a ration; and the following spell
                  | memorised: Sandblast; and the following spells available to
                  | memorise: Passwall, Stone Arrow, Petrify, Lee's Rapid
                  | Deconstruction
     0 | D:1      | Reached XP level 1. HP: 18/18 MP: 2/2
   129 | D:1      | Reached XP level 2. HP: 19/24 MP: 3/3
   140 | D:1      | Learned a level 2 spell: Passwall
   656 | D:2      | Reached XP level 3. HP: 27/30 MP: 2/4
   736 | D:2      | Found an ancient bone altar of Kikubaaqudgha.
   842 | D:2      | Reached XP level 4. HP: 32/37 MP: 1/5
  1313 | D:3      | Noticed Terence
  1404 | D:3      | Killed Terence
  1414 | D:3      | Reached skill level 1 in Short Blades
  1414 | D:3      | Reached XP level 5. HP: 37/42 MP: 2/6
  1565 | D:3      | Reached skill level 2 in Earth Magic
  1570 | D:3      | Learned a level 3 spell: Stone Arrow
  1667 | D:3      | Noticed Ijyb
  1677 | D:3      | Killed Ijyb
  1782 | D:3      | Reached XP level 6. HP: 32/48 MP: 6/8
  2592 | D:3      | Reached skill level 1 in Armour
  2896 | D:4      | Found Uhiys's Book Shop.
  3044 | D:4      | Reached skill level 3 in Earth Magic
  3049 | D:4      | Found Riduch's Book Boutique.
  3081 | D:4      | Reached XP level 7. HP: 12/54 MP: 1/10
  3330 | D:4      | Found Lar Qeju's Food Boutique.
  3385 | D:4      | Gained mutation: You have a pair of small antennae on your
                  | head. [potion of mutation]
  3385 | D:4      | Gained mutation: You are surrounded by a mild repulsion
                  | field. (EV +2) [potion of mutation]
  4002 | D:5      | Entered Level 5 of the Dungeon
  4046 | D:5      | Reached skill level 4 in Earth Magic
  4565 | D:5      | Reached XP level 8. HP: 58/60 MP: 2/12
  4791 | D:5      | You fall through a shaft for 2 floors!
  4809 | D:7      | Reached skill level 5 in Earth Magic
  4891 | D:7      | Found a stormy altar of Qazlal.
  4895 | D:7      | Noticed a water elemental
  4895 | D:7      | Noticed a fire elemental
  4895 | D:7      | Noticed an air elemental
  4934 | D:6      | Found a glowing golden altar of the Shining One.
  4994 | D:6      | Got a twitching wooden ring
  4996 | D:6      | Identified the ring of Pride {rCorr rN+ Str+4 Slay+2} (You
                  | found it on level 6 of the Dungeon)
  5823 | D:5      | Learned a level 4 spell: Petrify
  6097 | D:6      | Reached skill level 1 in Conjurations
  6200 | D:6      | Reached skill level 6 in Earth Magic
  6350 | D:6      | Found a shattered altar of Ashenzari.
  6393 | D:6      | Noticed Prince Ribbit
  6417 | D:6      | Killed Prince Ribbit
  6417 | D:6      | Reached XP level 9. HP: 66/66 MP: 12/15
  6433 | D:6      | Learned a level 5 spell: Lee's Rapid Deconstruction
  6832 | D:7      | Found a staircase to the Ecumenical Temple.
  6839 | Temple   | Entered the Ecumenical Temple
  6929 | Temple   | Became a worshipper of Vehumet
  7048 | D:7      | Reached skill level 7 in Earth Magic
  7096 | D:7      | Noticed Harold
  7116 | D:7      | Mangled by Harold

Skill      XL: |  1  2  3  4  5  6  7  8  9 |
---------------+----------------------------+-----
Fighting       | 4 |  4.6
Stealth        | 2 3 |  3.1
Short Blades   | 1 2 3 4 |  4.0
Earth Magic    | 2 3 4 6 7 |  7.3
Armour         | 1 2 |  2.6
Spellcasting   | 2 4 |  4.4
Dodging        | 2 |  2.6
Conjurations   | 1 |  1.8
Long Blades    | |  1.8
Throwing       | |  1.0
Hexes          | |  1.0
Evocations     | |  0.1

Action                   |  1- 3 |  4- 6 |  7- 9 || total
-------------------------+-------+-------+-------++-------
Melee: Falchion          |    64 |     1 |       ||    65
       Short sword       |       |   161 |   146 ||   307
Throw: Stone             |       |     1 |       ||     1
 Cast: Sandblast         |     5 |    45 |    85 ||   135
       Passwall          |     1 |       |     1 ||     2
       Stone Arrow       |       |     5 |    34 ||    39
Evoke: Wand              |       |     6 |     1 ||     7
  Use: Scroll            |       |    13 |     7 ||    20
       Potion            |       |     6 |     9 ||    15
 Stab: Sleeping          |     4 |     1 |     1 ||     6
       Paralysed         |       |     7 |       ||     7
       Invisible         |       |       |     2 ||     2
  Eat: Chunk             |       |     9 |    14 ||    23
       Ration            |       |       |     1 ||     1
Armor: Robe              |    13 |     3 |       ||    16
       Leather armour    |       |    28 |    47 ||    75
       Skin              |       |    19 |       ||    19
Dodge: Dodged            |    38 |    82 |   129 ||   249
       Rpst.: Falchion   |     7 |       |       ||     7
